Workbook
Name L_formule0: INDIRECT("t_Listes["&t_Commandes[[#This Row],[Produit]]&"]")
Name L_Formule1: OFFSET(L_formule0,0,0,COUNTA(L_formule0),1)
Name L_Liste_Produits: t_Listes[#Headers]
Name NativeTimeline_Date_Action: #N/A
Name P_FirstColumn: 'Table des commandes'!$A:$A
Name Slicer_Lot: #N/A
Name Slicer_n°_de_commande: #N/A
Name Slicer_Société: #N/A

Sheet BDD Production et Stock
A1: Produit | B1: Ref | C1: Lot | D1: Date production | E1: Quantité produite | F1: Vendus | G1: detruits | H1: Retours | I1: Quantité Restante
A2: A | B2: =VLOOKUP(t_Stock[[#This Row],[Produit]],t_Produits[],2,FALSE) -> P001 | C2: A1 | D2: 43787 | E2: 300 | F2: =SUMIFS(t_Commandes[[#All],[Qtés Acheté]],t_Commandes[[#All],[Produit]],t_Stock[[#This Row],[Produit]],t_Commandes[[#All],[Lot]],t_Stock[[#This Row],[Lot]]) -> 5 | H2: =SUMIFS(t_Commandes[[#All],[Retours]],t_Commandes[[#All],[Produit]],t_Stock[[#This Row],[Produit]],t_Commandes[[#All],[Lot]],t_Stock[[#This Row],[Lot]]) -> 3 | I2: =t_Stock[[#This Row],[Quantité produite]]-SUMIFS(t_Commandes[Qtés Acheté],t_Commandes[Produit],t_Stock[[#This Row],[Produit]],t_Commandes[Lot],t_Stock[[#This Row],[Lot]])+SUMIFS(t_Commandes[Retours],t_Commandes[Produit],t_Stock[[#This Row],[Produit]],t_Commandes[Lot],t_Stock[[#This Row],[Lot]])-t_Stock[[#This Row],[detruits]] -> 298
A3: B | B3: =VLOOKUP(t_Stock[[#This Row],[Produit]],t_Produits[],2,FALSE) -> P002 | C3: B1 | D3: 43788 | E3: 300 | F3: =SUMIFS(t_Commandes[[#All],[Qtés Acheté]],t_Commandes[[#All],[Produit]],t_Stock[[#This Row],[Produit]],t_Commandes[[#All],[Lot]],t_Stock[[#This Row],[Lot]]) -> 2 | H3: =SUMIFS(t_Commandes[[#All],[Retours]],t_Commandes[[#All],[Produit]],t_Stock[[#This Row],[Produit]],t_Commandes[[#All],[Lot]],t_Stock[[#This Row],[Lot]]) -> 0 | I3: =t_Stock[[#This Row],[Quantité produite]]-SUMIFS(t_Commandes[Qtés Acheté],t_Commandes[Produit],t_Stock[[#This Row],[Produit]],t_Commandes[Lot],t_Stock[[#This Row],[Lot]])+SUMIFS(t_Commandes[Retours],t_Commandes[Produit],t_Stock[[#This Row],[Produit]],t_Commandes[Lot],t_Stock[[#This Row],[Lot]])-t_Stock[[#This Row],[detruits]] -> 298
A4: C | B4: =VLOOKUP(t_Stock[[#This Row],[Produit]],t_Produits[],2,FALSE) -> P003 | C4: C1 | D4: 43789 | E4: 300 | F4: =SUMIFS(t_Commandes[[#All],[Qtés Acheté]],t_Commandes[[#All],[Produit]],t_Stock[[#This Row],[Produit]],t_Commandes[[#All],[Lot]],t_Stock[[#This Row],[Lot]]) -> 0 | H4: =SUMIFS(t_Commandes[[#All],[Retours]],t_Commandes[[#All],[Produit]],t_Stock[[#This Row],[Produit]],t_Commandes[[#All],[Lot]],t_Stock[[#This Row],[Lot]]) -> 0 | I4: =t_Stock[[#This Row],[Quantité produite]]-SUMIFS(t_Commandes[Qtés Acheté],t_Commandes[Produit],t_Stock[[#This Row],[Produit]],t_Commandes[Lot],t_Stock[[#This Row],[Lot]])+SUMIFS(t_Commandes[Retours],t_Commandes[Produit],t_Stock[[#This Row],[Produit]],t_Commandes[Lot],t_Stock[[#This Row],[Lot]])-t_Stock[[#This Row],[detruits]] -> 300
A5: D | B5: =VLOOKUP(t_Stock[[#This Row],[Produit]],t_Produits[],2,FALSE) -> P004 | C5: D1 | D5: 43790 | E5: 300 | F5: =SUMIFS(t_Commandes[[#All],[Qtés Acheté]],t_Commandes[[#All],[Produit]],t_Stock[[#This Row],[Produit]],t_Commandes[[#All],[Lot]],t_Stock[[#This Row],[Lot]]) -> 0 | H5: =SUMIFS(t_Commandes[[#All],[Retours]],t_Commandes[[#All],[Produit]],t_Stock[[#This Row],[Produit]],t_Commandes[[#All],[Lot]],t_Stock[[#This Row],[Lot]]) -> 0 | I5: =t_Stock[[#This Row],[Quantité produite]]-SUMIFS(t_Commandes[Qtés Acheté],t_Commandes[Produit],t_Stock[[#This Row],[Produit]],t_Commandes[Lot],t_Stock[[#This Row],[Lot]])+SUMIFS(t_Commandes[Retours],t_Commandes[Produit],t_Stock[[#This Row],[Produit]],t_Commandes[Lot],t_Stock[[#This Row],[Lot]])-t_Stock[[#This Row],[detruits]] -> 300
A6: E | B6: =VLOOKUP(t_Stock[[#This Row],[Produit]],t_Produits[],2,FALSE) -> P005 | C6: E1 | D6: 43791 | E6: 300 | F6: =SUMIFS(t_Commandes[[#All],[Qtés Acheté]],t_Commandes[[#All],[Produit]],t_Stock[[#This Row],[Produit]],t_Commandes[[#All],[Lot]],t_Stock[[#This Row],[Lot]]) -> 10 | H6: =SUMIFS(t_Commandes[[#All],[Retours]],t_Commandes[[#All],[Produit]],t_Stock[[#This Row],[Produit]],t_Commandes[[#All],[Lot]],t_Stock[[#This Row],[Lot]]) -> 0 | I6: =t_Stock[[#This Row],[Quantité produite]]-SUMIFS(t_Commandes[Qtés Acheté],t_Commandes[Produit],t_Stock[[#This Row],[Produit]],t_Commandes[Lot],t_Stock[[#This Row],[Lot]])+SUMIFS(t_Commandes[Retours],t_Commandes[Produit],t_Stock[[#This Row],[Produit]],t_Commandes[Lot],t_Stock[[#This Row],[Lot]])-t_Stock[[#This Row],[detruits]] -> 290
A7: A | B7: =VLOOKUP(t_Stock[[#This Row],[Produit]],t_Produits[],2,FALSE) -> P001 | C7: A2 | D7: 43792 | E7: 300 | F7: =SUMIFS(t_Commandes[[#All],[Qtés Acheté]],t_Commandes[[#All],[Produit]],t_Stock[[#This Row],[Produit]],t_Commandes[[#All],[Lot]],t_Stock[[#This Row],[Lot]]) -> 0 | H7: =SUMIFS(t_Commandes[[#All],[Retours]],t_Commandes[[#All],[Produit]],t_Stock[[#This Row],[Produit]],t_Commandes[[#All],[Lot]],t_Stock[[#This Row],[Lot]]) -> 0 | I7: =t_Stock[[#This Row],[Quantité produite]]-SUMIFS(t_Commandes[Qtés Acheté],t_Commandes[Produit],t_Stock[[#This Row],[Produit]],t_Commandes[Lot],t_Stock[[#This Row],[Lot]])+SUMIFS(t_Commandes[Retours],t_Commandes[Produit],t_Stock[[#This Row],[Produit]],t_Commandes[Lot],t_Stock[[#This Row],[Lot]])-t_Stock[[#This Row],[detruits]] -> 300

Sheet Produits
A1: Nom produit | B1: Référence | C1: Prix Vente HTVA | D1: TVA appliquée
A2: A | B2: P001 | C2: 10 | D2: 0.06
A3: B | B3: P002 | C3: 12 | D3: 0.06
A4: C | B4: P003 | C4: 8 | D4: 0.06
A5: D | B5: P004 | C5: 7 | D5: 0.06
A6: E | B6: P005 | C6: 10.5 | D6: 0.06
A7: F

Sheet CLIENTS
A1: Société | B1: n° Client | C1: Remise accordée | D1: Adresse livraison | E1: Code Postal | F1: Ville | G1: GSM | H1: Nom Contact | I1: Email contact | J1: Remarque
A2: 1 | B2: 2 | C2: 3 | D2: 4 | E2: 5 | F2: 6 | G2: 7 | H2: 8 | I2: 0.09 | J2: 10
A3: Test Company | B3: 1 | C3: 0.1 | D3: 20 rue du Pilou | E3: 5300 | F3: Le Poet | G3: 612234556 | H3: Marie Laforet | I3: Marie@email.com
A4: Numéro 2 | B4: 2 | C4: 0.05 | D4: 15 rue du Pompom | E4: 13200 | F4: Marseille | G4: 614578652 | H4: Edgar Founkel | I4: EF@Pompom.com
B5: 3
B6: 4
B7: 5
B8: 6
B9: 7
B10: 8
B11: 9
B12: 10
B13: 11
B14: 12
B15: 13
B16: 14
... B26: 24

Sheet Listes Lots
A1: A | B1: B | C1: C | D1: D | E1: E
A2: A1 | B2: B1 | C2: C1 | D2: D1 | E2: E1
A3: A2

Sheet Table des commandes
A1: Date Action | B1: n° de commande | C1: Société | D1: n° Client | E1: Remise accordée | F1: Adresse livraison | G1: Code Postal | H1: Ville | I1: GSM | J1: Nom Contact | K1: Email contact | L1: SKU Produit | M1: Produit | N1: Lot | O1: Qtés Acheté | P1: Retours | Q1: Valeur stock après cette commande | R1: Prix Unit HT | S1: Prix remisé | T1: Prix total HT | U1: TVA | V1: Prix TTC
A2: 43787 | B2: =YEAR(t_Commandes[[#This Row],[Date Action]])&MONTH(t_Commandes[[#This Row],[Date Action]])&DAY(t_Commandes[[#This Row],[Date Action]])&"-"&ROW() -> 20191118-2 | C2: Test Company | D2: =VLOOKUP($C2,CLIENTS!$1:$1048576,(HLOOKUP(D$1,CLIENTS!$1:$2,2,FALSE)),FALSE) -> 1 | E2: =VLOOKUP($C2,CLIENTS!$1:$1048576,(HLOOKUP(E$1,CLIENTS!$1:$2,2,FALSE)),FALSE) -> 0.1 | F2: =VLOOKUP($C2,CLIENTS!$1:$1048576,(HLOOKUP(F$1,CLIENTS!$1:$2,2,FALSE)),FALSE) -> 20 rue du Pilou | G2: =VLOOKUP($C2,CLIENTS!$1:$1048576,(HLOOKUP(G$1,CLIENTS!$1:$2,2,FALSE)),FALSE) -> 5300 | H2: =VLOOKUP($C2,CLIENTS!$1:$1048576,(HLOOKUP(H$1,CLIENTS!$1:$2,2,FALSE)),FALSE) -> Le Poet | I2: =VLOOKUP($C2,CLIENTS!$1:$1048576,(HLOOKUP(I$1,CLIENTS!$1:$2,2,FALSE)),FALSE) -> 612234556 | J2: =VLOOKUP($C2,CLIENTS!$1:$1048576,(HLOOKUP(J$1,CLIENTS!$1:$2,2,FALSE)),FALSE) -> Marie Laforet | K2: =VLOOKUP(t_Commandes[[#This Row],[Nom Contact]],CLIENTS!$H:$I,2,FALSE) -> Marie@email.com | L2: =VLOOKUP(t_Commandes[[#This Row],[Produit]],t_Produits[],2,FALSE) -> P001 | M2: A | N2: A1 | O2: 5 | Q2: =VLOOKUP(t_Commandes[[#This Row],[Lot]],t_Stock[[#All],[Lot]:[Quantité produite]],3,FALSE)-SUBTOTAL(109,$O$1:$O2)+SUBTOTAL(109,$P$1:$P2) -> 295 | R2: =VLOOKUP(t_Commandes[[#This Row],[SKU Produit]],t_Produits[[#All],[Référence]:[TVA appliquée]],2,FALSE) -> 10 | S2: =t_Commandes[[#This Row],[Prix Unit HT]]*(1-VLOOKUP(t_Commandes[[#This Row],[n° Client]],t_Clients[[#All],[n° Client]:[Remise accordée]],2,FALSE)) -> 9 | T2: =t_Commandes[[#This Row],[Prix remisé]]*(t_Commandes[[#This Row],[Qtés Acheté]]-t_Commandes[[#This Row],[Retours]]) -> 45 | U2: =VLOOKUP(t_Commandes[[#This Row],[SKU Produit]],t_Produits[[#All],[Référence]:[TVA appliquée]],3,FALSE) -> 0.06 | V2: =(1+t_Commandes[[#This Row],[TVA]])*t_Commandes[[#This Row],[Prix remisé]]*(t_Commandes[[#This Row],[Qtés Acheté]]-t_Commandes[[#This Row],[Retours]]) -> 47.7
A3: 43788 | B3: =YEAR(t_Commandes[[#This Row],[Date Action]])&MONTH(t_Commandes[[#This Row],[Date Action]])&DAY(t_Commandes[[#This Row],[Date Action]])&"-"&ROW() -> 20191119-3 | C3: Test Company | D3: =VLOOKUP($C3,CLIENTS!$1:$1048576,(HLOOKUP(D$1,CLIENTS!$1:$2,2,FALSE)),FALSE) -> 1 | E3: =VLOOKUP($C3,CLIENTS!$1:$1048576,(HLOOKUP(E$1,CLIENTS!$1:$2,2,FALSE)),FALSE) -> 0.1 | F3: =VLOOKUP($C3,CLIENTS!$1:$1048576,(HLOOKUP(F$1,CLIENTS!$1:$2,2,FALSE)),FALSE) -> 20 rue du Pilou | G3: =VLOOKUP($C3,CLIENTS!$1:$1048576,(HLOOKUP(G$1,CLIENTS!$1:$2,2,FALSE)),FALSE) -> 5300 | H3: =VLOOKUP($C3,CLIENTS!$1:$1048576,(HLOOKUP(H$1,CLIENTS!$1:$2,2,FALSE)),FALSE) -> Le Poet | I3: =VLOOKUP($C3,CLIENTS!$1:$1048576,(HLOOKUP(I$1,CLIENTS!$1:$2,2,FALSE)),FALSE) -> 612234556 | J3: =VLOOKUP($C3,CLIENTS!$1:$1048576,(HLOOKUP(J$1,CLIENTS!$1:$2,2,FALSE)),FALSE) -> Marie Laforet | K3: =VLOOKUP(t_Commandes[[#This Row],[Nom Contact]],CLIENTS!$H:$I,2,FALSE) -> Marie@email.com | L3: =VLOOKUP(t_Commandes[[#This Row],[Produit]],t_Produits[],2,FALSE) -> P001 | M3: A | N3: A1 | P3: 3 | Q3: =VLOOKUP(t_Commandes[[#This Row],[Lot]],t_Stock[[#All],[Lot]:[Quantité produite]],3,FALSE)-SUBTOTAL(109,$O$1:$O3)+SUBTOTAL(109,$P$1:$P3) -> 298 | R3: =VLOOKUP(t_Commandes[[#This Row],[SKU Produit]],t_Produits[[#All],[Référence]:[TVA appliquée]],2,FALSE) -> 10 | S3: =t_Commandes[[#This Row],[Prix Unit HT]]*(1-VLOOKUP(t_Commandes[[#This Row],[n° Client]],t_Clients[[#All],[n° Client]:[Remise accordée]],2,FALSE)) -> 9 | T3: =t_Commandes[[#This Row],[Prix remisé]]*(t_Commandes[[#This Row],[Qtés Acheté]]-t_Commandes[[#This Row],[Retours]]) -> -27 | U3: =VLOOKUP(t_Commandes[[#This Row],[SKU Produit]],t_Produits[[#All],[Référence]:[TVA appliquée]],3,FALSE) -> 0.06 | V3: =(1+t_Commandes[[#This Row],[TVA]])*t_Commandes[[#This Row],[Prix remisé]]*(t_Commandes[[#This Row],[Qtés Acheté]]-t_Commandes[[#This Row],[Retours]]) -> -28.62
A4: 43787 | B4: =YEAR(t_Commandes[[#This Row],[Date Action]])&MONTH(t_Commandes[[#This Row],[Date Action]])&DAY(t_Commandes[[#This Row],[Date Action]])&"-"&ROW() -> 20191118-4 | C4: Numéro 2 | D4: =VLOOKUP($C4,CLIENTS!$1:$1048576,(HLOOKUP(D$1,CLIENTS!$1:$2,2,FALSE)),FALSE) -> 2 | E4: =VLOOKUP($C4,CLIENTS!$1:$1048576,(HLOOKUP(E$1,CLIENTS!$1:$2,2,FALSE)),FALSE) -> 0.05 | F4: =VLOOKUP($C4,CLIENTS!$1:$1048576,(HLOOKUP(F$1,CLIENTS!$1:$2,2,FALSE)),FALSE) -> 15 rue du Pompom | G4: =VLOOKUP($C4,CLIENTS!$1:$1048576,(HLOOKUP(G$1,CLIENTS!$1:$2,2,FALSE)),FALSE) -> 13200 | H4: =VLOOKUP($C4,CLIENTS!$1:$1048576,(HLOOKUP(H$1,CLIENTS!$1:$2,2,FALSE)),FALSE) -> Marseille | I4: =VLOOKUP($C4,CLIENTS!$1:$1048576,(HLOOKUP(I$1,CLIENTS!$1:$2,2,FALSE)),FALSE) -> 614578652 | J4: =VLOOKUP($C4,CLIENTS!$1:$1048576,(HLOOKUP(J$1,CLIENTS!$1:$2,2,FALSE)),FALSE) -> Edgar Founkel | K4: =VLOOKUP(t_Commandes[[#This Row],[Nom Contact]],CLIENTS!$H:$I,2,FALSE) -> EF@Pompom.com | L4: =VLOOKUP(t_Commandes[[#This Row],[Produit]],t_Produits[],2,FALSE) -> P002 | M4: B | N4: B1 | O4: 2 | Q4: =VLOOKUP(t_Commandes[[#This Row],[Lot]],t_Stock[[#All],[Lot]:[Quantité produite]],3,FALSE)-SUBTOTAL(109,$O$1:$O4)+SUBTOTAL(109,$P$1:$P4) -> 296 | R4: =VLOOKUP(t_Commandes[[#This Row],[SKU Produit]],t_Produits[[#All],[Référence]:[TVA appliquée]],2,FALSE) -> 12 | S4: =t_Commandes[[#This Row],[Prix Unit HT]]*(1-VLOOKUP(t_Commandes[[#This Row],[n° Client]],t_Clients[[#All],[n° Client]:[Remise accordée]],2,FALSE)) -> -24 | T4: =t_Commandes[[#This Row],[Prix remisé]]*(t_Commandes[[#This Row],[Qtés Acheté]]-t_Commandes[[#This Row],[Retours]]) -> -48 | U4: =VLOOKUP(t_Commandes[[#This Row],[SKU Produit]],t_Produits[[#All],[Référence]:[TVA appliquée]],3,FALSE) -> 0.06 | V4: =(1+t_Commandes[[#This Row],[TVA]])*t_Commandes[[#This Row],[Prix remisé]]*(t_Commandes[[#This Row],[Qtés Acheté]]-t_Commandes[[#This Row],[Retours]]) -> -50.88
A5: 43787 | B5: =YEAR(t_Commandes[[#This Row],[Date Action]])&MONTH(t_Commandes[[#This Row],[Date Action]])&DAY(t_Commandes[[#This Row],[Date Action]])&"-"&ROW() -> 20191118-5 | C5: Numéro 2 | D5: =VLOOKUP($C5,CLIENTS!$1:$1048576,(HLOOKUP(D$1,CLIENTS!$1:$2,2,FALSE)),FALSE) -> 2 | E5: =VLOOKUP($C5,CLIENTS!$1:$1048576,(HLOOKUP(E$1,CLIENTS!$1:$2,2,FALSE)),FALSE) -> 0.05 | F5: =VLOOKUP($C5,CLIENTS!$1:$1048576,(HLOOKUP(F$1,CLIENTS!$1:$2,2,FALSE)),FALSE) -> 15 rue du Pompom | G5: =VLOOKUP($C5,CLIENTS!$1:$1048576,(HLOOKUP(G$1,CLIENTS!$1:$2,2,FALSE)),FALSE) -> 13200 | H5: =VLOOKUP($C5,CLIENTS!$1:$1048576,(HLOOKUP(H$1,CLIENTS!$1:$2,2,FALSE)),FALSE) -> Marseille | I5: =VLOOKUP($C5,CLIENTS!$1:$1048576,(HLOOKUP(I$1,CLIENTS!$1:$2,2,FALSE)),FALSE) -> 614578652 | J5: =VLOOKUP($C5,CLIENTS!$1:$1048576,(HLOOKUP(J$1,CLIENTS!$1:$2,2,FALSE)),FALSE) -> Edgar Founkel | K5: =VLOOKUP(t_Commandes[[#This Row],[Nom Contact]],CLIENTS!$H:$I,2,FALSE) -> EF@Pompom.com | L5: =VLOOKUP(t_Commandes[[#This Row],[Produit]],t_Produits[],2,FALSE) -> P003 | M5: C | N5: C1 | Q5: =VLOOKUP(t_Commandes[[#This Row],[Lot]],t_Stock[[#All],[Lot]:[Quantité produite]],3,FALSE)-SUBTOTAL(109,$O$1:$O5)+SUBTOTAL(109,$P$1:$P5) -> 296 | R5: =VLOOKUP(t_Commandes[[#This Row],[SKU Produit]],t_Produits[[#All],[Référence]:[TVA appliquée]],2,FALSE) -> 8 | S5: =t_Commandes[[#This Row],[Prix Unit HT]]*(1-VLOOKUP(t_Commandes[[#This Row],[n° Client]],t_Clients[[#All],[n° Client]:[Remise accordée]],2,FALSE)) -> -16 | T5: =t_Commandes[[#This Row],[Prix remisé]]*(t_Commandes[[#This Row],[Qtés Acheté]]-t_Commandes[[#This Row],[Retours]]) -> 0 | U5: =VLOOKUP(t_Commandes[[#This Row],[SKU Produit]],t_Produits[[#All],[Référence]:[TVA appliquée]],3,FALSE) -> 0.06 | V5: =(1+t_Commandes[[#This Row],[TVA]])*t_Commandes[[#This Row],[Prix remisé]]*(t_Commandes[[#This Row],[Qtés Acheté]]-t_Commandes[[#This Row],[Retours]]) -> 0
A6: 43788 | B6: =YEAR(t_Commandes[[#This Row],[Date Action]])&MONTH(t_Commandes[[#This Row],[Date Action]])&DAY(t_Commandes[[#This Row],[Date Action]])&"-"&ROW() -> 20191119-6 | C6: Test Company | D6: =VLOOKUP($C6,CLIENTS!$1:$1048576,(HLOOKUP(D$1,CLIENTS!$1:$2,2,FALSE)),FALSE) -> 1 | E6: =VLOOKUP($C6,CLIENTS!$1:$1048576,(HLOOKUP(E$1,CLIENTS!$1:$2,2,FALSE)),FALSE) -> 0.1 | F6: =VLOOKUP($C6,CLIENTS!$1:$1048576,(HLOOKUP(F$1,CLIENTS!$1:$2,2,FALSE)),FALSE) -> 20 rue du Pilou | G6: =VLOOKUP($C6,CLIENTS!$1:$1048576,(HLOOKUP(G$1,CLIENTS!$1:$2,2,FALSE)),FALSE) -> 5300 | H6: =VLOOKUP($C6,CLIENTS!$1:$1048576,(HLOOKUP(H$1,CLIENTS!$1:$2,2,FALSE)),FALSE) -> Le Poet | I6: =VLOOKUP($C6,CLIENTS!$1:$1048576,(HLOOKUP(I$1,CLIENTS!$1:$2,2,FALSE)),FALSE) -> 612234556 | J6: =VLOOKUP($C6,CLIENTS!$1:$1048576,(HLOOKUP(J$1,CLIENTS!$1:$2,2,FALSE)),FALSE) -> Marie Laforet | K6: =VLOOKUP(t_Commandes[[#This Row],[Nom Contact]],CLIENTS!$H:$I,2,FALSE) -> Marie@email.com | L6: =VLOOKUP(t_Commandes[[#This Row],[Produit]],t_Produits[],2,FALSE) -> P005 | M6: E | N6: E1 | O6: 10 | Q6: =VLOOKUP(t_Commandes[[#This Row],[Lot]],t_Stock[[#All],[Lot]:[Quantité produite]],3,FALSE)-SUBTOTAL(109,$O$1:$O6)+SUBTOTAL(109,$P$1:$P6) -> 286 | R6: =VLOOKUP(t_Commandes[[#This Row],[SKU Produit]],t_Produits[[#All],[Référence]:[TVA appliquée]],2,FALSE) -> 10.5 | S6: =t_Commandes[[#This Row],[Prix Unit HT]]*(1-VLOOKUP(t_Commandes[[#This Row],[n° Client]],t_Clients[[#All],[n° Client]:[Remise accordée]],2,FALSE)) -> 9.45 | T6: =t_Commandes[[#This Row],[Prix remisé]]*(t_Commandes[[#This Row],[Qtés Acheté]]-t_Commandes[[#This Row],[Retours]]) -> 94.5 | U6: =VLOOKUP(t_Commandes[[#This Row],[SKU Produit]],t_Produits[[#All],[Référence]:[TVA appliquée]],3,FALSE) -> 0.06 | V6: =(1+t_Commandes[[#This Row],[TVA]])*t_Commandes[[#This Row],[Prix remisé]]*(t_Commandes[[#This Row],[Qtés Acheté]]-t_Commandes[[#This Row],[Retours]]) -> 100.17

Sheet TCD Compil
A1: Row Labels | B1: Sum of Qtés Acheté | C1: Sum of Retours | D1: Sum of Prix total HT | E1: Sum of Prix TTC
A2: A | B2: 5 | C2: 3 | D2: 18 | E2: 19.08
A3: A1 | B3: 5 | C3: 3 | D3: 18 | E3: 19.08
A4: Test Company | B4: 5 | C4: 3 | D4: 18 | E4: 19.08
A5: B | B5: 2 | D5: -48 | E5: -50.88
A6: B1 | B6: 2 | D6: -48 | E6: -50.88
A7: Numéro 2 | B7: 2 | D7: -48 | E7: -50.88
A8: C | D8: 0 | E8: 0
A9: C1 | D9: 0 | E9: 0
A10: Numéro 2 | D10: 0 | E10: 0
A11: E | B11: 10 | D11: 94.5 | E11: 100.17
A12: E1 | B12: 10 | D12: 94.5 | E12: 100.17
A13: Test Company | B13: 10 | D13: 94.5 | E13: 100.17
A14: Grand Total | B14: 17 | C14: 3 | D14: 64.5 | E14: 68.37

Sheet Recap par commande
B2: Votre Logo
B3: Votre Compagnie
B4: Votre Adresse
B5: Votre n° de Telephone | I5: =VLOOKUP($C$15,t_Commandes[[#All],[n° de commande]:[SKU Produit]],2,FALSE) -> Test Company
B6: votre Email | I6: =VLOOKUP($C$15,t_Commandes[[#All],[n° de commande]:[SKU Produit]],5,FALSE) -> 20 rue du Pilou
I7: =VLOOKUP($C$15,t_Commandes[[#All],[n° de commande]:[SKU Produit]],6,FALSE)&" "&VLOOKUP($C$15,t_Commandes[[#All],[n° de commande]:[SKU Produit]],7,FALSE) -> 5300 Le Poet
I8: =VLOOKUP($C$15,t_Commandes[[#All],[n° de commande]:[SKU Produit]],8,FALSE) -> 612234556
H9: A L'attention de | I9: =VLOOKUP($C$15,t_Commandes[[#All],[n° de commande]:[SKU Produit]],9,FALSE) -> Marie Laforet
B15: n° de commande | C15: 20191119-3
B19: Row Labels | C19: Produit | D19: Sum of Qtés Acheté | E19: Sum of Retours | F19: Sum of Prix Unit HT | G19: Sum of Prix remisé | H19: Sum of Prix total HT | I19: Sum of Prix TTC
B20: 43788 | E20: 3 | F20: 10 | G20: 9 | H20: -27 | I20: -28.62
B21: Test Company | C21: A | E21: 3 | F21: 10 | G21: 9 | H21: -27 | I21: -28.62
C22: P001 | E22: 3 | F22: 10 | G22: 9 | H22: -27 | I22: -28.62
C23: A1 | E23: 3 | F23: 10 | G23: 9 | H23: -27 | I23: -28.62
B24: Test Company Total | E24: 3 | F24: 10 | G24: 9 | H24: -27 | I24: -28.62
B25: Grand Total | E25: 3 | F25: 10 | G25: 9 | H25: -27 | I25: -28.62
